Map: Frozen Temple

Players

Nickos - Winner!

  • Race: Terran Terran
  • League: Gold

Smacko

  • Race: Protoss Protoss
  • League: Gold

VOD

Have the link to the VOD?

Description

Time

  • Played on: Oct. 1, 2016, 7:47 a.m.
  • Length: 13:24
Show
View Real Time Build Order
Export as new Build Order

Nickos Terran - Winner!

Build Orders: Reaper Expand 

Get SALT Encoding   

  12  0:01  SCV  
  13  0:13  SCV  
  14  0:18  Supply Depot  
  14  0:25  SCV  
  15  0:40  SCV  
  15  0:42  Barracks  
  16  0:44  Refinery  
  16  0:52  SCV  
  17  1:04  SCV  
  18  1:18  SCV  
  19  1:30  Reaper  
  19  1:31  Orbital Command  
  20  1:41  Command Center  
  20  1:54  Barracks  
  20  1:58  SCV  
  21  2:06  Barracks Reactor  
  21  2:11  SCV  
  21  2:14  Supply Depot  
  22  2:23  SCV  
  23  2:35  SCV  
  23  2:45  Marine x2  
  23  2:46  Barracks Tech Lab  
  23  2:47  SCV  
  23  2:50  Refinery, Factory  
  26  2:53  Orbital Command  
  26  2:59  SCV  
  26  3:03  Marine x2  
  29  3:09  Stimpack  
  29  3:12  SCV  
  30  3:15  Marine  
  31  3:21  SCV  
  31  3:24  SCV  
  33  3:28  Marine  
  33  3:29  Bunker, Marine  
  33  3:33  Marine  
  36  3:35  Starport  
  36  3:40  Factory Reactor  
  36  3:45  SCV x2  
  36  3:48  Supply Depot  
  38  3:57  SCV  
  38  4:02  Marine x2  
  39  4:03  Marine  
  40  4:13  SCV  
  40  4:14  SCV  
  42  4:21  Supply Depot  
  42  4:22  Engineering Bay  
  42  4:23  Marine  
  43  4:25  Engineering Bay, SCV  
  43  4:26  Marine  
  43  4:31  Medivac  
  47  4:42  SCV  
  47  4:43  SCV  
  47  4:44  Supply Depot, Marine  
  47  4:45  Marine  
  51  4:53  Terran Infantry Weapons Level 1  
  51  4:54  SCV  
  51  4:55  SCV  
  51  4:56  Terran Infantry Armor Level 1  
  51  4:57  Marine  
  54  5:03  Marine x2  
  54  5:05  Hellion  
  58  5:11  Supply Depot  
  58  5:14  Medivac  
  58  5:15  Marine  
  61  5:26  Marine  
  61  5:27  Marine  
  63  5:28  Factory Reactor  
  63  5:30  Factory Tech Lab  
  63  5:32  Supply Depot, SCV  
  63  5:33  Marine, SCV  
  66  5:39  Armory  
  66  5:43  Barracks  
  66  5:44  Marine x2  
  66  5:48  Barracks  
  62  6:07  Marine x3  
  62  6:09  Siege Tank  
  62  6:52  Missile Turret  
  62  7:07  Orbital Command, Marine x3  
  64  7:15  Missile Turret  
  60  7:19  Missile Turret  
  60  7:24  Marine  
  60  7:25  Marine x2  
  62  7:30  Missile Turret  
  62  7:41  Medivac  
  62  7:43  Marauder  
  66  7:45  Marine x2  
  67  8:03  Marine x2  
  67  8:04  Marine  
  62  8:21  Marine x2  
  62  8:22  Marine  
  65  8:39  Marine x2  
  65  8:40  Marine  
  68  8:54  Missile Turret  
  68  8:57  Missile Turret  
  68  9:00  SCV  
  68  9:01  SCV  
  70  9:12  SCV  
  70  9:23  Marine  
  70  9:24  Marine x2  
  67  9:29  Starport Tech Lab  
  67  9:38  Siege Tank, Missile Turret  
  70  9:41  Marine x2  
  70  9:42  Marine  
  70  9:44  SCV x2  
  74  9:59  Marine x3  
  72  10:17  Marine  
  73  10:24  Marine x2  
  72  10:35  Marine  
  71  10:42  Marine  
  70  11:22  Marine x3  
  67  11:40  Marine x3  
  60  11:58  Marine x3  
  62  12:15  Marine  
  62  12:16  Marine x2  
  65  12:33  Marine x2  
  65  12:34  Marine  
  65  12:42  Marine x2  
  65  12:51  Marine x3  
  68  13:00  Marine x2  
  72  13:17  Missile Turret  
Show
View Real Time Build Order
Export as new Build Order

Smacko Protoss 

Build Orders:  

Get SALT Encoding   

  12  0:01  Probe (Chrono Boost)  
  13  0:12  Probe (Chrono Boost)  
  14  0:19  Pylon  
  14  0:24  Probe (Chrono Boost)  
  15  0:37  Probe (Chrono Boost)  
  15  0:41  Gateway  
  16  0:48  Probe (Chrono Boost)  
  17  0:52  Assimilator  
  17  0:58  Probe (Chrono Boost)  
  18  1:09  Probe (Chrono Boost)  
  19  1:19  Probe (Chrono Boost)  
  20  1:28  Cybernetics Core  
  20  1:37  Probe (Chrono Boost)  
  21  1:45  Nexus  
  21  1:49  Probe (Chrono Boost)  
  22  1:55  Pylon  
  22  2:01  Pylon  
  22  2:12  Probe (Chrono Boost)  
  22  2:13  Adept  
  25  2:18  Warp Gate  
  25  2:22  Gateway  
  25  2:32  Probe (Chrono Boost)  
  25  2:37  Assimilator  
  24  2:46  Stalker  
  24  2:50  Probe (Chrono Boost)  
  27  3:12  Adept  
  29  3:15  Probe (Chrono Boost)  
  29  3:17  Probe (Chrono Boost)  
  31  3:25  Mothership Core (Chrono Boost)  
  33  3:28  Pylon  
  33  3:34  Probe (Chrono Boost)  
  34  3:35  Robotics Facility  
  34  3:44  Probe x2 (Chrono Boost)  
  36  3:54  Probe (Chrono Boost)  
  36  3:55  Probe (Chrono Boost)  
  38  4:05  Probe x2 (Chrono Boost)  
  40  4:15  Probe (Chrono Boost)  
  40  4:16  Probe (Chrono Boost)  
  38  4:20  Twilight Council  
  38  4:26  Probe x2 (Chrono Boost)  
  38  4:30  Pylon  
  40  4:36  Probe (Chrono Boost)  
  40  4:37  Probe (Chrono Boost)  
  42  4:42  Gateway  
  42  4:44  Warp Prism  
  44  4:47  Probe x2 (Chrono Boost)  
  44  4:49  Pylon  
  46  4:57  Probe (Chrono Boost)  
  46  4:58  Probe (Chrono Boost), Adept, Resonating Glaives  
  50  5:08  Probe (Chrono Boost)  
  50  5:09  Probe (Chrono Boost), Dark Shrine  
  52  5:20  Adept, Pylon  
  55  5:21  Probe (Chrono Boost)  
  55  5:25  Probe (Chrono Boost)  
  56  5:30  Assimilator  
  56  5:33  Probe (Chrono Boost), Pylon  
  57  5:36  Probe (Chrono Boost)  
  58  5:45  Probe (Chrono Boost)  
  58  5:46  Gateway  
  59  5:50  Gateway  
  59  5:53  Adept x2  
  59  5:54  Adept  
  63  6:17  Adept x3  
  69  6:23  Probe (Chrono Boost)  
  69  6:24  Probe (Chrono Boost)  
  67  6:36  Probe (Chrono Boost)  
  68  6:46  Dark Templar  
  68  6:47  Dark Templar x2  
  70  6:55  Probe (Chrono Boost)  
  70  6:56  Probe (Chrono Boost)  
  70  7:03  Assimilator  
  70  7:07  Gateway x2  
  71  7:08  Probe (Chrono Boost)  
  71  7:10  Gateway  
  71  7:22  Templar Archives  
  71  7:23  Dark Templar  
  71  7:24  Dark Templar  
  71  7:25  Pylon  
  73  7:41  Adept x3  
  71  7:53  Probe (Chrono Boost)  
  71  7:55  Probe (Chrono Boost)  
  71  7:56  Gateway  
  65  8:09  Nexus  
  65  8:10  Pylon  
  63  8:13  Pylon  
  63  8:14  Dark Templar x3  
  63  8:16  Pylon  
  64  8:20  Blink  
  64  8:24  Probe (Chrono Boost)  
  64  8:25  Probe (Chrono Boost)  
  66  8:32  Zealot x2  
  70  8:37  Probe (Chrono Boost)  
  71  8:46  Probe (Chrono Boost)  
  73  8:49  Probe (Chrono Boost)  
  73  8:52  Adept x2  
  73  8:53  Adept x7  
  89  8:56  Probe (Chrono Boost)  
  89  9:02  Probe (Chrono Boost)  
  91  9:07  Probe (Chrono Boost)  
  92  9:14  Probe (Chrono Boost), High Templar  
  93  9:18  Probe (Chrono Boost)  
  86  9:25  Psionic Storm  
  86  9:26  Probe (Chrono Boost)  
  86  9:28  Probe (Chrono Boost)  
  80  9:38  Probe (Chrono Boost)  
  77  9:39  Probe (Chrono Boost)  
  77  9:42  Assimilator  
  77  9:43  Adept x5  
  77  9:44  Assimilator  
  88  9:51  Pylon  
  86  9:59  Zealot x4  
  94  10:05  Pylon  
  94  10:07  Pylon  
  91  10:16  Dark Templar x2  
  69  10:28  High Templar  
  63  10:36  Zealot x4  
  63  10:37  Zealot x2  
  64  10:53  Adept x2  
  60  10:58  Adept  
  60  10:59  Adept x5  
  69  11:25  Dark Templar x2  
  46  11:34  Dark Templar  
  43  11:42  Zealot x4  
  43  11:43  Zealot x2  
  47  11:53  Probe (Chrono Boost)  
  45  11:55  Probe (Chrono Boost)  
  45  12:04  Probe (Chrono Boost)  
  45  12:07  Probe (Chrono Boost)  
  47  12:14  Dark Templar x2  
  47  12:15  Probe (Chrono Boost)  
  52  12:19  Probe (Chrono Boost), Adept  
  52  12:20  Nexus  
  52  12:21  Pylon  
  55  12:25  Probe (Chrono Boost)  
  53  12:31  Probe (Chrono Boost)  
  53  12:36  Probe (Chrono Boost)  
  46  12:38  Dark Templar  
  46  12:43  Probe (Chrono Boost)  
  47  12:46  Probe (Chrono Boost)  
  48  12:55  Probe (Chrono Boost)  
  48  12:57  Probe (Chrono Boost)  
  38  13:07  Probe x2 (Chrono Boost)  
  38  13:08  High Templar  
Tags
 
Add a new tag
Caveats
  • Supply blocks, unpowered buildings, or Contaminate may cause inaccurate times.
  • Supply counts are checked every 10 seconds.